 Dungeon Crawl Stone Soup version 0.21-a0-15-g606531c (webtiles) character file.

307728 grindst0ne the Slayer (level 20, -1/184 HPs)
             Began as a Minotaur Fighter on May 23, 2017.
             Was the Champion of Okawaru.
             Slain by an enormous slime creature (111 damage)
             ... on level 2 of the Vaults on May 24, 2017.
             The game lasted 04:07:29 (40732 turns).

grindst0ne the Slayer (Minotaur Fighter)           Turns: 40732, Time: 04:07:29

Health: -1/184     AC: 36    Str: 30    XL:     20   Next: 33%
Magic:  28/28      EV: 20    Int:  5    God:    Okawaru [******]
Gold:   2227       SH:  0    Dex: 16    Spells: 19/19 levels left

rFire    . . .     SeeInvis .   s - +8 battleaxe of Yfuth {chop, rC+ Stlth+}
rCold    . . .     Gourm    .   (shield currently unavailable)
rNeg     + . .     Faith    .   p - +6 crystal plate armour
rPois    .         Spirit   .   (helmet restricted)
rElec    +         Reflect  .   V - +0 cloak of the Skies Above {rElec Str+4 Slay+3 Stlth-}
rCorr    .         Harm     .   k - +0 pair of gloves "Roereq" {+Blink rC- rN+}
MR       +....                  j - +0 pair of boots
Stlth    ..........             t - amulet of rage
Regen    0.4/turn               g - +5 ring of protection
MPRegen  0.3/turn               U - +5 ring of protection

@: about to teleport, afraid, marked, corroded
A: retaliatory headbutt, horns 2, repulsion field 1, rugged brown scales 1,
frail 1, shaggy fur 1, strong 1, evolution 1, MP-powered wands
}: 2/15 runes: decaying, serpentine
a: Heroism, Finesse, Renounce Religion, Evoke Blink, Evoke Berserk Rage


You were on level 2 of the Vaults.
You worshipped Okawaru.
Okawaru was exalted by your worship.
You were not hungry.

You visited 7 branches of the dungeon, and saw 34 of its levels.
You also visited: Bailey and Volcano.

You collected 3338 gold pieces.
You spent 1111 gold pieces at shops.

Inventory:

Hand Weapons
 s - the +8 battleaxe of Yfuth (weapon) {chop, rC+ Stlth+}
   (Okawaru gifted it to you in a volcano)

   It inflicts extra damage upon your enemies.
   It protects you from cold.
   It makes you more stealthy.
 M - a +4 glaive of flaming
Armour
 j - a +0 pair of boots (worn)
 k - the +0 pair of gloves "Roereq" (worn) {+Blink rC- rN+}
   (You found it on level 4 of the Swamp)

   It makes you vulnerable to cold.
   It protects you from negative energy.
   It lets you blink.
 p - a +6 crystal plate armour (worn)
 S - a scarf of resistance
 V - the +0 cloak of the Skies Above (worn) {rElec Str+4 Slay+3 Stlth-}
   (Okawaru gifted it to you on level 3 of the Snake Pit)

   It affects your strength (+4).
   It affects your accuracy and damage with ranged weapons and melee attacks
   (+3).
   It insulates you from electricity.
   It makes you less stealthy.
 Y - the +2 cloak of the Thief {+Fog Slay-2 SInv Stlth+}
   (Okawaru gifted it to you on level 5 of the Lair of Beasts)

   It affects your accuracy and damage with ranged weapons and melee attacks
   (-2).
   It lets you see invisible.
   It makes you more stealthy.
Jewellery
 b - the amulet "Durei" {RegenMP MR++}
   (You acquired it on level 1 of the Lair of Beasts)

   [amulet of magic regeneration]

   It increases your magic regeneration.
   It affects your resistance to hostile enchantments.
 c - the ring "Uwaxeazxutz" {Wiz *Corrode rPois Dex+6}
   (You found it on level 3 of the Lair of Beasts)

   [ring of wizardry]

   It improves your spell success rate.
   It affects your dexterity (+6).
   It protects you from poison.
   It may corrode you when you take damage.
 g - a +5 ring of protection (left hand)
 t - an amulet of rage (around neck)
 G - an uncursed ring of flight
 H - an uncursed ring of protection from magic
 U - a +5 ring of protection (right hand)
Wands
 a - a wand of clouds (6/9)
 m - a wand of confusion (22/48)
 o - a wand of disintegration (18/24)
 x - a wand of iceblast (7/15)
 C - a wand of acid (4/15)
 J - a wand of disintegration (14/24)
 N - a wand of polymorph (7/24)
 Q - a wand of flame (29/48)
 T - a wand of acid (3/15)
 Z - a wand of confusion (23/48)
Scrolls
 e - 10 scrolls of remove curse
 h - a scroll of summoning
 i - a scroll of amnesia
 z - 14 scrolls of teleportation
 E - 2 scrolls of enchant weapon
 F - 2 scrolls of magic mapping
 L - 4 scrolls of fear
 P - 5 scrolls of recharging
Potions
 d - 7 potions of might
 n - 4 potions of berserk rage
 r - 3 potions of invisibility
 u - 9 potions of curing
 v - 2 potions of cancellation
 w - 4 potions of ambrosia
 A - 8 potions of lignification
 K - a potion of resistance
 R - 3 potions of mutation
 X - 4 potions of haste
Miscellaneous
 B - a box of beasts
 D - a phial of floods
 W - a lamp of fire
Comestibles
 f - 5 bread rations
 l - 8 meat rations
 q - 8 fruits
 I - 29 royal jellies
 O - 3 chunks of flesh


   Skills:
 + Level 21.1 Fighting
 - Level 20.0 Axes
 - Level 6.5 Throwing
 - Level 12.1 Armour
 - Level 20.5 Dodging
   Level 5.5 Shields
 - Level 6.0 Invocations
 - Level 12.2 Evocations


You had 19 spell levels left.
You didn't know any spells.

Dungeon Overview and Level Annotations

Branches:
Dungeon (15/15)            Temple (1/1) D:4            Lair (6/6) D:10
  Swamp (4/4) Lair:2        Snake (4/4) Lair:2        Slime (0/5) Lair:5
    Orc (2/2) D:12            Elf (0/3) Orc:2        Vaults (2/5) D:13
 Depths (0/5) D:15
  Crypt: Vaults:2-3

Altars:
Ashenzari
Cheibriados
Dithmenos
Elyvilon
Fedhas
Gozag
Hepliaklqana
Kikubaaqudgha
Makhleb
Nemelex Xobeh
Okawaru
Qazlal
Ru
Sif Muna
Trog
Uskayaw
Vehumet
Wu Jian
Xom
Yredelemnul
Zin
The Shining One
Beogh

Shops:
D:4 [   D:6 ?   D:11 [   D:13 ?   Orc:2 *}**!*   Vaults:1 [

Annotations:
Lair:3 exclusion: 3 oklob plants
Swamp:1 exclusion: Roxanne, Roxanne


Innate Abilities, Weirdness & Mutations

You reflexively headbutt those who attack you in melee.
You have a pair of horns on your head.
You are surrounded by a mild repulsion field. (EV +2)
You are partially covered in rugged brown scales. (AC +1, +3% HP)
You are frail. (-10% HP)
You are covered in fur. (AC +1)
Your muscles are strong. (Str +2)
You evolve.
You expend magic power (3 MP) to strengthen your wands.


Message History

The stone giant throws a large rock.
The large rock barely misses you.
The large rock dissolves into shadows!
You slice the ironbrand convoker!!
You kill the ironbrand convoker!
Okawaru accepts your kill.
The glowing orange brain pulsates.
The glowing orange brain radiates an aura of fear!
You are terrified of the glowing orange brain!
You feel like a meek peon again.
The glowing orange brain pulsates.
Something tries to feed on your intellect!
Press: ? - help, v - describe, . - travel
Here: an enormous slime creature (lightly wounded, unusually strong)
The floor.
Okay, then.
As you read the scroll of teleportation, it crumbles to dust.
You feel strangely unstable.
The glowing orange brain blinks!
The enormous slime creature hits you!!!!
Ouch! That really hurt!
You die...

#......#.......#
########.......# #.......#
#.......# .. #.......# ....
#..[....########....#
########...................#
...........................#
................@..........#
###+##...........J.........#
.....#.....................#
.....#.....................#
.###.#..............C......#
./#..#.....................#
.###.#...............).....#
..#(.#.................ยง...#
.###.#.......))............#


You could see a stone giant and an enormous slime creature.

Vanquished Creatures
  the Lernaean hydra (Swamp:4)
  Bai Suzhen (Snake:3)
  Xtahua (Vaults:2)
  Nikola (Swamp:1)
  Jorgrun (Swamp:4)
  2 tentacled monstrosities
  Rupert (Lair:5)
  A sphinx (D:13)
  Agnes (D:15)
  Kirke (D:12)
  A thorn hunter (Swamp:4)
  A tengu reaver (D:13)
  9 nagarajas
  6 vault wardens
  Louise (D:15)
  The ghost of Kidiri the Eclecticist, an adept DEFE of Vehumet (Swamp:3)
  An orc warlord (Bailey)
  A war gargoyle (D:14)
  3 ironheart preservers
  An entropy weaver (Vaults:2)
  A stone giant (Vaults:2)
  An ettin (D:13)
  Snorg (D:11)
  3 fire dragons
  2 deep elf death magi (Vaults:1)
  5 yaktaur captains
  22 hydras
  Fannar (D:12)
  A rakshasa (Vaults:1)
  Harold (Lair:1)
  3 ice dragons
  2 vault guards
  24 naga warriors
  7 centaur warriors
  3 death knights
  A ghost crab (Swamp:3)
  3 ogre magi
  A deep troll shaman (Vaults:2)
  3 catoblepae
  10 anacondas
  18 two-headed ogres
  4 tengu warriors
  2 deep troll earth magi
  10 alligators
  10 shock serpents
  6 death yaks (Lair:4)
  17 naga sharpshooters
  4 orc high priests (Orc:2)
  6 deep elf knights
  A sun demon (Volcano)
  Sonja (D:13)
  The ghost of anet the Vexing, a novice DEWz of Ashenzari (D:8)
  2 salamander mystics
  A spriggan druid (Swamp:2)
  A skeletal warrior (D:11)
  6 unseen horrors
  2 deep elf archers (Vaults:1)
  2 deep trolls (Vaults:2)
  A sea snake (Snake:2)
  13 naga ritualists
  2 phantasmal warriors (D:11)
  14 swamp dragons
  6 ironbrand convokers
  A shambling mangrove (Swamp:1)
  14 orc knights
  A mana viper (shapeshifter) (D:14)
  Pikel (D:7)
  A harpy (Vaults:2)
  3 wolf spider zombies
  10 mana vipers
  6 deep elf magi
  6 orc sorcerers
  8 salamanders
  8 manticores
  34 ugly things
  6 cyclopes
  16 elephants
  53 black mambas
  7 vault sentinels
  4 centaur skeletons
  3 guardian serpents
  25 naga magi
  4 gargoyles
  17 spiny frogs
  3 rime drakes
  A kobold demonologist (D:7)
  A komodo dragon (shapeshifter) (Vaults:1)
  3 freezing wraiths
  13 komodo dragons
  21 yaktaurs
  3 tengu conjurers (D:15)
  4 polar bears (Lair:6)
  3 meliai (Lair:6)
  A queen bee (Lair:6)
  6 trolls
  30 slime creatures
  6 tyrant leeches
  3 dream sheep (Lair:6)
  17 hornets
  22 blink frogs
  3 bog bodies
  9 hippogriffs
  A redback (D:13)
  A meliai zombie (D:13)
  6 wraiths
  7 shadows
  A vampire (D:14)
  4 basilisks
  A tarantella (shapeshifter) (Vaults:1)
  6 wyverns
  23 spriggans
  A fire bat (shapeshifter) (Vaults:1)
  A yak (shapeshifter) (Vaults:2)
  21 yaks
  A steam dragon (D:13)
  A basilisk (shapeshifter) (D:14)
  4 hogs (D:12)
  3 fire bats (Lair:4)
  42 vampire mosquitoes
  A hungry ghost (D:15)
  Edmund (D:5)
  Menkaure (D:6)
  5 wargs
  45 nagas
  20 swamp worms
  17 water moccasins
  Duvessa (D:5)
  9 porcupines
  12 swamp drakes
  8 ice beasts
  43 orc warriors
  2 sky beasts
  6 black bears
  An eye of draining (D:15)
  3 slaves (D:7)
  3 necrophages
  15 ogres
  2 phantoms
  53 wolves
  7 boggarts
  23 centaurs
  10 crocodiles
  Blork the orc (D:5)
  An ogre simulacrum (Vaults:1)
  21 bullfrogs
  A gnoll sergeant (D:5)
  2 wyvern skeletons
  Dowan (D:5)
  5 scorpions
  A water moccasin skeleton (D:4)
  16 killer bees (Lair:6)
  A wight (D:5)
  6 electric eels
  4 howler monkeys
  2 centaur zombies
  2 bullfrog zombies
  8 crimson imps
  A quasit (D:11)
  6 jellies
  A gnoll shaman (D:5)
  18 orc priests
  3 bullfrog skeletons
  28 orc wizards
  Jessica (D:3)
  5 iguanas
  7 worker ants
  2 hound skeletons
  2 worker ant zombies (D:5)
  13 adders
  22 gnolls
  5 shadow imps
  7 oozes
  An adder zombie (D:7)
  3 worms
  2 dart slugs
  6 leopard geckos
  116 orcs
  2 ball pythons
  3 giant cockroaches
  19 hobgoblins
  6 jackals
  12 kobolds
  4 quokkas
  6 bats
  6 frilled lizards
  27 goblins
  A jackal skeleton (D:8)
  A jackal zombie (D:9)
  A quokka zombie (D:5)
  8 rats
  A fungus (Lair:6)
  2 plants
1470 creatures vanquished.

Vanquished Creatures (others)
  A swamp dragon (Swamp:1)
  A salamander (Snake:4)
  A black mamba (Snake:3)
  A spriggan (Swamp:4)
  A hound (D:7)
  An adder (D:8)
  An adder zombie (D:7)
  18 fungi
  7 plants
32 creatures vanquished.

Grand Total: 1502 creatures vanquished

Notes
Turn   | Place    | Note
-------+----------+-------------------------------------------
     0 | D:1      | grindst0ne the Minotaur Fighter began the quest for the Orb.
     0 | D:1      | Reached XP level 1. HP: 19/19 MP: 0/0
    64 | D:1      | Reached XP level 2. HP: 26/27 MP: 1/1
   175 | D:1      | Reached skill level 4 in Fighting
   392 | D:1      | Reached XP level 3. HP: 33/33 MP: 2/2
  1273 | D:3      | Reached XP level 4. HP: 41/41 MP: 3/3
  1527 | D:3      | Reached skill level 5 in Fighting
  1530 | D:3      | Reached skill level 5 in Axes
  1530 | D:3      | Reached XP level 5. HP: 48/48 MP: 4/4
  1580 | D:3      | Noticed Jessica
  1587 | D:3      | Killed Jessica
  1877 | D:3      | Reached skill level 6 in Fighting
  1883 | D:3      | Reached XP level 6. HP: 40/57 MP: 5/5
  2181 | D:4      | Found Loir's Armour Shop.
  2640 | D:4      | Found a staircase to the Ecumenical Temple.
  2695 | Temple   | Entered the Ecumenical Temple
  2864 | Temple   | Became a worshipper of Warmaster Okawaru
  3063 | D:4      | Reached skill level 1 in Throwing
  3096 | D:4      | Reached XP level 7. HP: 64/64 MP: 6/6
  3155 | D:4      | Found a white marble altar of Elyvilon.
  3233 | D:5      | Entered Level 5 of the Dungeon
  3263 | D:5      | Noticed Edmund
  3277 | D:5      | Killed Edmund
  3335 | D:5      | Reached skill level 7 in Fighting
  3437 | D:5      | Noticed Dowan
  3442 | D:5      | Reached * piety under Okawaru
  3460 | D:5      | Killed Dowan
  3510 | D:5      | Reached skill level 5 in Armour
  3549 | D:5      | Noticed Duvessa
  3564 | D:5      | Killed Duvessa
  3564 | D:5      | Reached XP level 8. HP: 40/73 MP: 7/7
  3800 | D:5      | Noticed Blork the orc
  3811 | D:5      | Killed Blork the orc
  3827 | D:5      | Reached ** piety under Okawaru
  4111 | D:6      | Reached skill level 8 in Fighting
  4207 | D:6      | Found Moyfro's Magic Scroll Emporium.
  4226 | D:6      | Bought a scroll of blinking for 90 gold pieces
  4226 | D:6      | Bought a scroll of blinking for 90 gold pieces
  4379 | D:6      | Noticed Menkaure
  4390 | D:6      | Killed Menkaure
  4902 | D:7      | Found a burning altar of Makhleb.
  4981 | D:7      | Reached XP level 9. HP: 67/82 MP: 8/8
  5013 | D:7      | Noticed Pikel
  5054 | D:7      | Killed Pikel
  5054 | D:7      | Reached *** piety under Okawaru
  5054 | D:7      | Reached skill level 9 in Fighting
  5054 | D:7      | Reached skill level 5 in Throwing
  5073 | D:7      | Got a faintly humming plate armour
  5085 | D:7      | Identified the +5 plate armour "Pelah" {Slay+2} (You found it on level 7 of the Dungeon)
  5378 | D:7      | Gained mutation: Armour fits poorly on your strangely shaped body. [potion of mutation]
  5378 | D:7      | Gained mutation: You are partially covered in icy blue scales. (AC +2) [potion of mutation]
  5379 | D:7      | Lost mutation: Armour fits poorly on your strangely shaped body. [potion of mutation]
  5379 | D:7      | Lost mutation: You are partially covered in icy blue scales. (AC +2) [potion of mutation]
  5379 | D:7      | Gained mutation: Your muscles are strong. (Str +2) [potion of mutation]
  5379 | D:7      | Gained mutation: You are frail. (-10% HP) [potion of mutation]
  5379 | D:7      | Gained mutation: You are somewhat resistant to further mutation. [potion of mutation]
  5391 | D:7      | Noticed a kobold demonologist
  5403 | D:7      | Killed a kobold demonologist
  6042 | D:8      | Reached skill level 10 in Fighting
  6069 | D:8      | Noticed anet's ghost (novice DEWz)
  6087 | D:8      | Killed anet's ghost
  6087 | D:8      | Reached **** piety under Okawaru
  6087 | D:8      | Reached skill level 10 in Axes
  6087 | D:8      | Reached XP level 10. HP: 78/83 MP: 9/9
  6456 | D:8      | Received a gift from Okawaru
  6626 | D:8      | You fall through a shaft for 2 floors!
  6626 | D:10     | Entered Level 10 of the Dungeon
  6727 | D:10     | Noticed a two-headed ogre
  7010 | D:9      | Found a radiant altar of Vehumet.
  7355 | D:9      | Noticed a two-headed ogre
  7366 | D:9      | Killed a two-headed ogre
  7366 | D:9      | Reached ***** piety under Okawaru
  7366 | D:9      | Reached skill level 10 in Armour
  7574 | D:9      | Found a burning altar of Makhleb.
  7668 | D:9      | Found a shimmering altar of Xom.
  7711 | D:9      | Found a hide-covered altar of Uskayaw.
  7711 | D:9      | Found a stormy altar of Qazlal.
  7712 | D:9      | Found a blossoming altar of Fedhas.
  7735 | D:10     | Killed a two-headed ogre
  7735 | D:10     | Reached skill level 11 in Fighting
  7755 | D:10     | Noticed a manticore
  7758 | D:10     | Killed a manticore
  7758 | D:10     | Reached XP level 11. HP: 91/91 MP: 10/10
  7765 | D:10     | Found a staircase to the Lair.
  8163 | D:10     | Reached skill level 1 in Dodging
  8769 | Lair:1   | Entered Level 1 of the Lair of Beasts
  8885 | Lair:1   | Identified a scroll of acquirement
  8888 | Lair:1   | Got an ancient bronze amulet
  8890 | Lair:1   | Identified the amulet "Durei" {RegenMP MR++} (You acquired it on level 1 of the Lair of Beasts)
  9475 | Lair:1   | Noticed Harold
  9497 | Lair:1   | Killed Harold
  9497 | Lair:1   | Reached ****** piety under Okawaru
  9497 | Lair:1   | Received a gift from Okawaru
  9497 | Lair:1   | Reached skill level 5 in Shields
  9841 | Lair:2   | Found a staircase to the Swamp.
 10008 | Lair:2   | Received a gift from Okawaru
 10030 | Lair:2   | Found a staircase to the Snake Pit.
 10162 | Lair:2   | Reached skill level 1 in Evocations
 10198 | Lair:2   | Reached skill level 5 in Dodging
 10446 | Lair:2   | Reached skill level 12 in Fighting
 10509 | Lair:3   | Got a flickering granite ring
 10511 | Lair:3   | Identified the ring "Uwaxeazxutz" {Wiz *Corrode rPois Dex+6} (You found it on level 3 of the Lair of Beasts)
 10606 | Lair:3   | Got a polished battleaxe
 10612 | Lair:3   | Identified the +1 battleaxe "Gilawuc" {elec, +Inv} (You found it on level 3 of the Lair of Beasts)
 10703 | Lair:3   | Noticed an oklob plant
 10798 | Lair:3   | Noticed a six-headed hydra
 10907 | Lair:3   | Killed a six-headed hydra
 10907 | Lair:3   | Reached XP level 12. HP: 69/100 MP: 11/13
 11298 | Lair:3   | Noticed a catoblepas
 11309 | Lair:3   | Killed a catoblepas
 11564 | Lair:4   | Received a gift from Okawaru
 11682 | Lair:4   | Noticed a death yak
 11682 | Lair:4   | Noticed a death yak
 11683 | Lair:4   | Noticed a death yak
 11683 | Lair:4   | Noticed a death yak
 11684 | Lair:4   | Noticed a death yak
 11684 | Lair:4   | Noticed a death yak
 11718 | Lair:4   | Killed a death yak
 11722 | Lair:4   | Killed a death yak
 11723 | Lair:4   | Killed a death yak
 11730 | Lair:4   | Killed a death yak
 11731 | Lair:4   | Noticed an eight-headed hydra
 11741 | Lair:4   | Killed a death yak
 11746 | Lair:4   | Noticed a six-headed hydra
 11893 | Lair:4   | Noticed an eight-headed hydra
 11893 | Lair:4   | Noticed a catoblepas
 11919 | Lair:3   | Killed a catoblepas
 12005 | Lair:4   | Killed an eight-headed hydra
 12048 | Lair:4   | Killed a six-headed hydra
 12048 | Lair:4   | Reached skill level 13 in Fighting
 12048 | Lair:4   | Reached skill level 5 in Evocations
 12141 | Lair:4   | Killed a death yak
 12179 | Lair:4   | Reached XP level 13. HP: 107/109 MP: 15/15
 12189 | Lair:4   | Found a dark tunnel.
 12199 | Volcano  | Entered a volcano
 12267 | Volcano  | Gained mutation: You expend magic power (3 MP) to strengthen your wands. [mutagenic meat]
 12354 | Volcano  | Received a gift from Okawaru
 12354 | Volcano  | Reached skill level 10 in Dodging
 12367 | Volcano  | Got a transparent battleaxe {god gift}
 12372 | Volcano  | Gained mutation: You are very frail. (-20% HP) [mutagenic meat]
 12395 | Volcano  | Identified the +8 battleaxe of Yfuth {chop, rC+ Stlth+} (Okawaru gifted it to you in a volcano)
 13171 | Lair:5   | Received a gift from Okawaru
 13554 | Lair:5   | Found a staircase to the Slime Pits.
 13896 | Lair:5   | Noticed Rupert
 13917 | Lair:5   | Killed Rupert
 14510 | Lair:5   | Received a gift from Okawaru
 14838 | Lair:6   | Entered Level 6 of the Lair of Beasts
 14879 | Lair:5   | Reached skill level 15 in Axes
 15054 | Lair:6   | Reached skill level 1 in Invocations
 15054 | Lair:6   | Reached XP level 14. HP: 90/103 MP: 18/18
 15751 | Lair:6   | Reached skill level 5 in Invocations
 15873 | Lair:6   | Paralysed by a hornet for 2 turns
 17287 | D:11     | Received a gift from Okawaru
 17290 | D:11     | Got shimmering shadow dragon scales {god gift}
 17301 | D:11     | Identified the +3 shadow dragon scales "Vuleem Heina" {rF- rN++ MP+9 Int-2 Stlth++++} (Okawaru gifted it to you on level 11 of the Dungeon)
 17867 | D:11     | Noticed Snorg
 17895 | D:11     | Killed Snorg
 18414 | D:11     | Lost mutation: You are very frail. (-20% HP) [potion of mutation]
 18414 | D:11     | Lost mutation: You are somewhat resistant to further mutation. [potion of mutation]
 18414 | D:11     | Gained mutation: You are dopey. (Int -2) [potion of mutation]
 18414 | D:11     | Gained mutation: Your spells are a little harder to cast, but a little more powerful. [potion of mutation]
 18446 | D:11     | Found Hiux's Antique Armour Shop.
 18781 | D:12     | Found a staircase to the Orcish Mines.
 18904 | D:12     | Found a stormy altar of Qazlal.
 19070 | D:12     | Noticed Kirke
 19071 | D:12     | Noticed a sphinx
 19292 | D:12     | Killed Kirke
 19525 | D:12     | Noticed Fannar
 19537 | D:12     | Killed Fannar
 19537 | D:12     | Reached XP level 15. HP: 114/122 MP: 19/19
 20221 | D:13     | Found Jummimio's Magic Scroll Shop.
 20327 | D:13     | Received a gift from Okawaru
 20366 | D:13     | Noticed a sphinx
 20411 | D:13     | Killed a sphinx
 20411 | D:13     | Received a gift from Okawaru
 20770 | D:13     | Noticed a tengu reaver
 20782 | D:13     | Killed a tengu reaver
 20914 | D:13     | Identified the Grimoire of the Mutagenic Oath
 21068 | D:13     | Found a gate to the Vaults.
 21088 | D:13     | Noticed Sonja
 21129 | D:13     | Killed Sonja
 21652 | D:14     | Gained mutation: Your muscles are very strong. (Str +4) [mutagenic meat]
 22034 | D:14     | Found an opulent altar of Gozag.
 22405 | D:14     | Reached skill level 10 in Evocations
 22457 | D:14     | Received a gift from Okawaru
 22549 | D:14     | Got a glittering ivory ring
 22551 | D:14     | Identified the ring "Linuss" {Int+4 Dex+2} (You found it on level 14 of the Dungeon)
 22612 | D:14     | Got an ichor-stained demon trident
 22613 | D:14     | Identified the cursed +1 demon trident "Wecsor" {freeze, rN+} (You found it on level 14 of the Dungeon)
 23032 | D:15     | Entered Level 15 of the Dungeon
 23052 | D:15     | Reached XP level 16. HP: 125/129 MP: 14/22
 23086 | D:15     | Lost mutation: You are dopey. (Int -2) [mutagenic meat]
 23087 | D:15     | Gained mutation: You are surrounded by a mild repulsion field. (EV +2) [mutagenic meat]
 23089 | D:15     | Gained mutation: You are very frail. (-20% HP) [mutagenic meat]
 23090 | D:15     | Lost mutation: You are very frail. (-20% HP) [mutagenic meat]
 23093 | D:15     | Gained mutation: You evolve. [mutagenic meat]
 23094 | D:15     | Gained mutation: You are partially covered in large bone plates. (SH +4) [mutagenic meat]
 23095 | D:15     | Gained mutation: You are covered in fur. (AC +1) [mutagenic meat]
 23617 | D:15     | Noticed Louise
 23623 | D:15     | Killed Louise
 23623 | D:15     | Reached skill level 15 in Dodging
 23688 | D:15     | Received a gift from Okawaru
 23811 | D:15     | Noticed Agnes
 23821 | D:15     | Killed Agnes
 23897 | D:15     | Received a gift from Okawaru
 24012 | D:15     | Found a staircase to the Depths.
 24298 | Orc:1    | Entered Level 1 of the Orcish Mines
 24318 | Orc:1    | Found a roughly hewn altar of Beogh.
 24387 | Orc:1    | Found a flagged portal.
 24428 | Bailey   | Entered a bailey
 25293 | Orc:2    | Entered Level 2 of the Orcish Mines
 25402 | Orc:2    | Received a gift from Okawaru
 25448 | Orc:2    | Got a distressingly furry chain mail {god gift}
 25459 | Orc:2    | Identified the +8 chain mail of the Armoured One {Dex+7} (Okawaru gifted it to you on level 2 of the Orcish Mines)
 25544 | Orc:2    | Found a staircase to the Elven Halls.
 25570 | Orc:2    | Found Meh Fuik's Quality Used Wands.
 25741 | Orc:2    | Found Jascheh's Assorted Antiques.
 25742 | Orc:2    | Gained mutation: You are partially covered in rugged brown scales. (AC +1, +3% HP) [evolution]
 26283 | Orc:2    | Found Muepur's Distillery.
 26283 | Orc:2    | Found Xaheiff's Assorted Antiques.
 26285 | Orc:2    | Found Heurug's General Store.
 26285 | Orc:2    | Found Paff's General Store.
 26296 | Orc:2    | Bought a scroll of teleportation for 42 gold pieces
 26301 | Orc:2    | Bought a scroll of teleportation for 111 gold pieces
 26301 | Orc:2    | Bought a scroll of identify for 74 gold pieces
 26565 | Orc:2    | Bought a twisted ivory ring for 135 gold pieces
 26565 | Orc:2    | Bought a potion of berserk rage for 135 gold pieces
 26667 | Orc:2    | Bought a potion of might for 56 gold pieces
 26667 | Orc:2    | Bought a potion of ambrosia for 112 gold pieces
 26667 | Orc:2    | Bought a potion of might for 56 gold pieces
 26667 | Orc:2    | Bought a potion of might for 56 gold pieces
 26667 | Orc:2    | Bought a potion of curing for 42 gold pieces
 26675 | Orc:2    | Bought a potion of invisibility for 112 gold pieces
 26902 | Swamp:1  | Entered Level 1 of the Swamp
 27012 | Swamp:1  | Noticed Roxanne
 27107 | Swamp:1  | Found a runed door.
 27107 | Swamp:1  | Noticed a tentacled monstrosity
 27136 | Swamp:1  | Killed a tentacled monstrosity
 27289 | Swamp:1  | Noticed Nikola
 27321 | Swamp:1  | Killed Nikola
 27321 | Swamp:1  | Received a gift from Okawaru
 27696 | Swamp:1  | Reached XP level 17. HP: 112/139 MP: 25/25
 29318 | Swamp:3  | Noticed Kidiri's ghost (adept DEFE)
 29339 | Swamp:3  | Killed Kidiri's ghost
 29634 | Swamp:4  | Entered Level 4 of the Swamp
 29638 | Swamp:4  | Got a polished chain mail
 29649 | Swamp:4  | Identified the +2 chain mail of the Moon Troll {MP-9 Str+6 Int-5 Dex+4} (You found it on level 4 of the Swamp)
 29649 | Swamp:4  | Lost intelligence.
 29700 | Swamp:4  | Noticed Jorgrun
 29723 | Swamp:4  | Killed Jorgrun
 29775 | Swamp:4  | Received a gift from Okawaru
 29797 | Swamp:4  | Lost mutation: Your spells are a little harder to cast, but a little more powerful. [evolution]
 29870 | Swamp:4  | Got a pair of scorched gloves
 29881 | Swamp:4  | Identified the +0 pair of gloves "Roereq" {+Blink rC- rN+} (You found it on level 4 of the Swamp)
 30339 | Swamp:4  | Noticed a tentacled monstrosity
 30363 | Swamp:4  | Noticed the 27-headed Lernaean hydra
 30368 | Swamp:4  | Killed a tentacled monstrosity
 30578 | Swamp:4  | Killed the 25-headed Lernaean hydra
 30578 | Swamp:4  | Reached skill level 14 in Fighting
 30721 | Swamp:4  | Got a decaying rune of Zot
 31017 | Snake:1  | Entered Level 1 of the Snake Pit
 31040 | Snake:1  | Received a gift from Okawaru
 31361 | Snake:1  | Reached XP level 18. HP: 147/149 MP: 20/26
 31880 | Snake:1  | Found a shadowy altar of Dithmenos.
 32072 | Snake:1  | Received a gift from Okawaru
 32268 | Snake:2  | Reached skill level 15 in Fighting
 32334 | Snake:2  | Found an ancient bone altar of Kikubaaqudgha.
 33450 | Snake:3  | Noticed Bai Suzhen
 33465 | Snake:3  | Killed Bai Suzhen
 33465 | Snake:3  | Received a gift from Okawaru
 33533 | Snake:3  | Got a scorched cloak {god gift}
 33544 | Snake:3  | Identified the +0 cloak of the Skies Above {rElec Str+4 Slay+3 Stlth-} (Okawaru gifted it to you on level 3 of the Snake Pit)
 34672 | Snake:3  | Reached skill level 16 in Fighting
 34839 | Snake:3  | Found a blossoming altar of Fedhas.
 34867 | Snake:3  | Got a shimmering chain mail
 34878 | Snake:3  | Identified the +8 chain mail of Laxtuh {*Contam rPois rF+ rC+} (You found it on level 3 of the Snake Pit)
 34906 | Snake:3  | Lost mutation: Your muscles are very strong. (Str +4) [mutagenic glow]
 34943 | Snake:4  | Entered Level 4 of the Snake Pit
 35795 | Snake:4  | Reached XP level 19. HP: 139/159 MP: 27/27
 36050 | Snake:4  | Received a gift from Okawaru
 36919 | Snake:4  | Reached skill level 17 in Fighting
 37225 | Snake:4  | Received a gift from Okawaru
 37350 | Snake:4  | Got a serpentine rune of Zot
 37748 | Vaults:1 | Entered Level 1 of the Vaults
 37841 | Vaults:1 | Reached skill level 18 in Fighting
 38011 | Vaults:1 | Found Hygenauc's Armour Emporium.
 38178 | Vaults:1 | Lost mutation: You are partially covered in large bone plates. (SH +4) [evolution]
 38495 | Vaults:1 | Reached skill level 19 in Fighting
 38982 | Vaults:1 | Received a gift from Okawaru
 39381 | Vaults:2 | Reached XP level 20. HP: 146/179 MP: 28/28
 39496 | Vaults:2 | Reached skill level 20 in Fighting
 39651 | Vaults:2 | Noticed Xtahua
 39661 | Vaults:2 | Paralysed by Xtahua for 6 turns
 40359 | Vaults:2 | Received a gift from Okawaru
 40710 | Vaults:2 | Killed Xtahua
 40710 | Vaults:2 | Reached skill level 21 in Fighting
 40732 | Vaults:2 | Slain by an enormous slime creature

Vault maps used:
D:1:      elethiomel_arrival_quiet
D:2:      kennysheep_generic_room_8
D:3:      uniq_jessica
D:4:      wad_lake_hut, minmay_temple_entry_glassed_door, serial_shops,
          nicolae_shop_stone, elyvilon_altar_3
D:5:      first_bread, sword_in_stone, uniq_edmund, uniq_duvessa
D:6:      serial_shops, nicolae_shop_crystal, mrwooster_statue_mirror,
          uniq_menkaure
D:7:      kennysheep_big_flooded_room, kennysheep_mini_moat, uniq_pikel
D:8:      cheibrodos_helix_gallery
D:9:      overflow_temple_1_default, gammafunk_temple_overflow_claw, tgw_xom,
          makhleb_blood_cavern_becter
D:10:     lair_entry_dummy, hangedman_little_slice_of_home
D:11:     serial_shops, shop_fountains, minmay_misc_feat_hallway, uniq_snorg
D:12:     orc_0_dummy, basic_altar, uniq_kirke, uniq_fannar
D:13:     david_vaults_5, serial_shops, shop,
          minmay_checkered_concentric_circles, uniq_sonja
D:14:     evilmike_diamond_1, nicolae_gozag_cash_rules_everything_around_me
D:15:     grunt_enter_depths_hoard, hangedman_abyss_or_decor_stagger,
          uniq_louise, uniq_agnes
Temple:   regret_index_temple_sphere_string
Lair:1:   columned_hall_lemuel, nicolae_quartered_pool_medium, uniq_harold
Lair:2:   minmay_swamp_entry_worms, dummy_snake_entry
Lair:3:   st_stairs_5, minmay_lair_oklob_chamber
Lair:4:   nicolae_volcano_entry_batcave, grunt_forest_large_clearings
Lair:5:   slime_dummy, cheibrodos_lair_reptile_den, lemuel_fruit_tree,
          grunt_megastairs_3, uniq_rupert
Lair:6:   minmay_lair_end_enchanted_forest, special_room
Swamp:1:  cheibrodos_swamp_sealed, nicolae_swamp_fairy_circle, uniq_nikola,
          uniq_roxanne
Swamp:2:  hangedman_swamp_cone
Swamp:3:  evilmike_swamp_ruin_house_3
Swamp:4:  swamp_old_school, uniq_jorgrun
Snake:1:  basic_altar
Snake:2:  basic_altar, serial_bayou_shore_a
Snake:3:  basic_altar, grunt_ministairs_15, uniq_bai_suzhen
Snake:4:  snake_pit, abandoned_shop
Orc:1:    enter_bailey_2, basic_altar
Orc:2:    grunt_orc_tribal_feast, serial_shops, nicolae_shop_overgrown_old_shop,
          nicolae_for_you_no_charge
Vaults:1: nicolae_vaults_disjoint_gnomons, v_misc_17, ontoclasm_vaults_gateway,
          nicolae_vaults_windows_and_doors_thing, hangedman_vaults_slice,
          nicolae_vaults_little_ls, hangedman_vaults_nails, v_rooms_6,
          v_misc_11, vaults_dpeg_encased_lava, serial_shops, shop
Vaults:2: nicolae_vaults_shelves_hall, v_misc_1, nicolae_vaults_network_s,
          v_misc_23, hangedman_vaults_cutoff, ontoclasm_vaults_twist,
          vaults_mumra_minichess, uniq_xtahua
Bailey:   bailey_axe_minmay_hex_keep, bailey
Volcano:  volcano_pools

Skill      XL: |  1  2  3  4  5  6  7  8  9 10 11 12 13 14 15 16 17 18 19 20 |
---------------+-------------------------------------------------------------+-----
Axes           | 3 4 5 6 7 8 10 11 12 13 15 16 17 18 20 | 20.0
Fighting       | 4 5 6 7 8 10 11 12 13 14 16 19 21 | 21.1
Throwing       | 1 3 4 6 |  6.5
Armour         | 4 5 6 8 11 12 | 12.1
Dodging        | 6 9 12 13 14 16 17 20 | 20.5
Shields        | 5 |  5.5
Evocations     | 2 5 7 10 12 | 12.2
Invocations    | 1 6 |  6.0

Action                   |  1- 3 |  4- 6 |  7- 9 | 10-12 | 13-15 | 16-18 | 19-21 || total
-------------------------+-------+-------+-------+-------+-------+-------+-------++-------
Melee: War axe           |   114 |   157 |   275 |   400 |    43 |       |       ||   989
       Headbutt          |    15 |    27 |    54 |    97 |   198 |   396 |   179 ||   966
       Battleaxe         |       |       |       |       |   831 |  1263 |   531 ||  2625
       Glaive            |       |       |       |       |    32 |    64 |     3 ||    99
       Unarmed           |       |       |       |       |     2 |       |       ||     2
Throw: Throwing net      |       |       |       |     2 |       |       |       ||     2
       Tomahawk          |       |       |       |       |     3 |       |       ||     3
Invok: Heroism           |       |       |       |     2 |     1 |     9 |     4 ||    16
 Abil: Evoke Fog         |       |       |       |       |     2 |    22 |       ||    24
       Evoke Berserk Rag |       |       |       |       |       |     2 |     1 ||     3
       Evoke Blink       |       |       |       |       |       |     1 |     1 ||     2
Evoke: Wand              |       |       |       |    22 |    20 |     8 |       ||    50
  Use: Scroll            |       |    12 |     8 |    15 |     9 |    17 |     5 ||    66
       Potion            |       |       |     3 |       |     5 |     5 |     6 ||    19
 Stab: Sleeping          |       |       |       |       |     4 |       |       ||     4
       Petrifying        |       |       |       |       |     1 |       |       ||     1
       Confused          |       |       |       |       |       |     1 |       ||     1
  Eat: Chunk             |     1 |     6 |    11 |    19 |    47 |    35 |     7 ||   126
       Bread ration      |       |     1 |       |     1 |       |     4 |     1 ||     7
       Meat ration       |       |       |       |       |       |     2 |     1 ||     3
       Royal jelly       |       |       |       |       |       |       |     1 ||     1
Armor: Scale mail        |    31 |       |       |       |       |       |       ||    31
       Chain mail        |    10 |    76 |   104 |       |       |       |       ||   190
       Plate armour      |       |       |    34 |   205 |   506 |   288 |       ||  1033
       Shadow dragon sca |       |       |       |       |    75 |       |       ||    75
       Crystal plate arm |       |       |       |       |       |   383 |   285 ||   668
Dodge: Dodged            |    23 |    25 |    77 |   202 |   756 |  1152 |   405 ||  2640
Block: Shield            |    58 |    67 |   136 |    69 |       |       |       ||   330
       Buckler           |       |       |       |    94 |    11 |       |       ||   105
       Other             |       |       |       |       |       |   238 |    40 ||   278
